AoeStats
← serhatdogansurucu

Arena

508218790Analyzed
1v1 RM · 10d ago on Sep 21, 2026· 31m 48s· 2 players
Game mode
Random Map
Map size
Tiny (2 player)
Population
200
Speed
Normal
Resources
Standard
Victory
Conquest
Starting age
Dark Age
Ending age
Imperial Age
RankedLock teamsTeams togetherTeam positionsShared explorationLock speedFull tech treeHidden civsTurbo modeCheats
Victory
Defeat
🇨🇳 Bohemians · China
772
+15
🇹🇷 Lithuanians · Türkiye
747
-15
serhatdogansurucu
5:24 Loom
10:44 Feudal Age
11:24 Double-Bit Axe
11:21 Horse Collar
15:10 Wheelbarrow
15:44 Stone Mining
15:48 Gold Mining
22:44 Castle Age
21:31 Bloodlines
20:51 Man-at-Arms
21:17 Arson
22:03 Stone Mining
22:39 Scale Barding Armor
22:36 Scale Mail Armor
24:01 Bow Saw
23:53 Heavy Plow
24:09 Long Swordsman
27:09 Hand Cart
26:54 Town Watch
27:01 Elite Skirmisher
28:29 Town Patrol
meyerowitz
12:08 Feudal Age
17:02 Castle Age
15:09 Double-Bit Axe
16:07 Horse Collar
18:53 Bow Saw
18:44 Heavy Plow
20:11 Chemistry
23:21 Wheelbarrow
Connection lost

Rejoining the realm…

Still unreachable

The connection could not be restored.

Session expired

The server has moved on; the page needs a fresh start.